[ AOE2 MATCH · #483948607 ]
Team RMWu vs Japanese
[ REPLAY ANALYSIS · EXTRACTED FROM THE RECORDED GAME ]
Feudal
13:40
Castle
17:35
Imperial
36:24
| APM avg | 18.9 |
| APM peak | 46 |
| eAPM avg | 12.5 |
| Villagers / military | 99 / 30 |
Focus
⚔️ 33.8% · 🌾 66.2%
Unknown (1968) ×62 · Monk ×30 · Unknown (1942) ×11
Feudal
10:42
Castle
18:20
Imperial
37:42
| APM avg | 17.5 |
| APM peak | 54 |
| eAPM avg | 12.6 |
| Villagers / military | 104 / 230 |
Focus
⚔️ 36.4% · 🌾 63.6%
Knight ×123 · Archer ×78 · War Elephant ×21 · Trebuchet (Packed) ×8
Feudal
14:42
Castle
22:19
Imperial
40:05
| APM avg | 24.8 |
| APM peak | 54 |
| eAPM avg | 16.0 |
| Villagers / military | 148 / 202 |
Focus
⚔️ 42.4% · 🌾 57.6%
Spearman ×116 · Militia ×28 · Scorpion ×19 · Battering Ram ×17 · Monk ×16 · Mangonel ×4
Feudal
11:51
Castle
15:53
Imperial
33:00
| APM avg | 23.9 |
| APM peak | 57 |
| eAPM avg | 18.0 |
| Villagers / military | 174 / 211 |
Focus
⚔️ 29.9% · 🌾 70.1%
Battle Elephant ×79 · Scout Cavalry ×40 · Elephant Archer ×35 · Skirmisher ×30 · Armored Elephant ×17 · Trade Cart ×16
Feudal
11:41
Castle
16:44
Imperial
35:50
| APM avg | 26.4 |
| APM peak | 70 |
| eAPM avg | 18.2 |
| Villagers / military | 181 / 213 |
Focus
⚔️ 23.8% · 🌾 76.2%
Militia ×200 · Scorpion ×7 · Trebuchet (Packed) ×4 · Mangonel ×2
Feudal
13:16
Castle
18:31
Imperial
37:36
| APM avg | 28.8 |
| APM peak | 71 |
| eAPM avg | 21.3 |
| Villagers / military | 161 / 155 |
Focus
⚔️ 31.8% · 🌾 68.2%
Conquistador ×65 · Knight ×50 · Monk ×21 · Spearman ×17 · Trade Cart ×9 · Petard ×2
Match map
Resources at game start + every placement click. Thick line = wall · dashed box = detected house wall. 🟡 gold · ⚪ stone · 🟢 berries · 🔶 boar · ⭕ relic
Inputs per minute
— Hinbin - - melkayaking
Build order — Hinbin
First 150 of 288 actions detected
| 0:00 | Create | Villager (Male) |
| 0:01 | Create | Villager (Male) |
| 0:01 | Create | Villager (Male) |
| 0:01 | Create | Villager (Male) |
| 0:02 | Create | Villager (Male) |
| 0:03 | Build | House |
| 0:05 | Build | House |
| 1:32 | Create | Villager (Male) |
| 1:32 | Create | Villager (Male) |
| 2:02 | Create | Villager (Male) |
| 2:03 | Create | Villager (Male) |
| 2:03 | Create | Villager (Male) |
| 2:10 | Build | Lumber Camp |
| 2:40 | Create | Villager (Male) |
| 2:40 | Create | Villager (Male) |
| 3:20 | Create | Villager (Male) |
| 3:20 | Create | Villager (Male) |
| 3:28 | Create | Villager (Male) |
| 3:49 | Build | House |
| 3:53 | Create | Villager (Male) |
| 4:27 | Create | Villager (Male) |
| 4:27 | Create | Villager (Male) |
| 5:00 | Create | Villager (Male) |
| 5:00 | Create | Villager (Male) |
| 5:00 | Create | Villager (Male) |
| 5:15 | Build | House |
| 5:54 | Create | Villager (Male) |
| 5:55 | Create | Villager (Male) |
| 5:55 | Create | Villager (Male) |
| 6:03 | Create | Villager (Male) |
| 6:03 | Create | Villager (Male) |
| 6:30 | Build | Mill |
| 7:40 | Create | Villager (Male) |
| 7:41 | Create | Villager (Male) |
| 7:41 | Create | Villager (Male) |
| 7:55 | Create | Villager (Male) |
| 7:58 | Build | Farm |
| 7:59 | Build | Farm |
| 8:01 | Build | Farm |
| 8:02 | Build | Farm |
| 8:17 | Build | Farm |
| 8:18 | Create | Villager (Male) |
| 8:24 | Build | Farm |
| 8:44 | Build | Farm |
| 8:53 | Build | Farm |
| 9:21 | Build | Farm |
| 9:37 | Build | House |
| 9:52 | Build | Farm |
| 9:59 | Create | Villager (Male) |
| 10:00 | Create | Villager (Male) |
| 10:00 | Create | Villager (Male) |
| 10:13 | Research | Feudal Age |
| 10:14 | Research | Loom |
| 10:30 | Build | Mining Camp |
| 10:57 | Build | House |
| 12:32 | Create | Villager (Male) |
| 12:32 | Create | Villager (Male) |
| 13:40 | Age | Feudal Age |
| 13:43 | Build | Market |
| 13:48 | Build | Blacksmith |
| 13:55 | Research | Double-Bit Axe |
| 14:00 | Research | Horse Collar |
| 14:17 | Build | House |
| 14:45 | Research | Castle Age |
| 15:37 | Create | Villager (Male) |
| 15:38 | Create | Villager (Male) |
| 15:39 | Create | Villager (Male) |
| 15:45 | Build | House |
| 17:35 | Age | Castle Age |
| 17:40 | Build | Town Center |
| 17:46 | Build | Town Center |
| 17:57 | Research | Stone Mining |
| 18:01 | Research | Bow Saw |
| 18:02 | Create | Villager (Male) |
| 18:02 | Create | Villager (Male) |
| 19:01 | Create | Villager (Male) |
| 19:47 | Build | Farm |
| 20:05 | Create | Villager (Male) ×5 |
| 20:25 | Create | Villager (Male) ×5 |
| 20:29 | Build | Farm |
| 21:02 | Create | Villager (Male) ×5 |
| 21:11 | Research | Wheelbarrow |
| 21:14 | Build | Farm |
| 21:49 | Create | Villager (Male) ×2 |
| 22:15 | Build | Farm |
| 22:17 | Build | Farm |
| 22:18 | Build | Farm |
| 22:20 | Build | Farm |
| 22:24 | Build | Farm |
| 22:26 | Build | Farm |
| 22:34 | Build | Farm |
| 23:03 | Build | Castle |
| 23:21 | Create | Villager (Male) ×5 |
| 23:29 | Build | House |
| 23:30 | Build | House |
| 23:31 | Build | House |
| 23:32 | Build | House |
| 23:32 | Build | House |
| 23:45 | Build | House |
| 24:20 | Create | Villager (Male) |
| 24:21 | Create | Villager (Male) |
| 24:21 | Create | Villager (Male) |
| 24:22 | Create | Villager (Male) |
| 24:22 | Create | Villager (Male) |
| 24:36 | Build | Mill |
| 24:37 | Build | Farm |
| 24:37 | Build | Farm |
| 24:37 | Build | Farm |
| 24:38 | Build | Farm |
| 24:42 | Research | Fletching |
| 24:43 | Research | Padded Archer Armor |
| 24:52 | Build | University |
| 24:58 | Build | Monastery |
| 25:08 | Build | Farm |
| 25:10 | Build | Farm |
| 25:12 | Build | Farm |
| 25:13 | Build | Farm |
| 25:15 | Build | Farm |
| 25:17 | Create | Villager (Male) ×5 |
| 25:18 | Create | Villager (Male) ×3 |
| 26:07 | Create | Villager (Male) |
| 26:16 | Research | Hand Cart |
| 26:17 | Create | Villager (Male) |
| 26:18 | Create | Villager (Male) |
| 26:18 | Create | Villager (Male) |
| 26:21 | Create | Unit 1968 |
| 26:21 | Create | Unit 1968 |
| 26:21 | Create | Unit 1968 |
| 26:22 | Create | Unit 1968 |
| 26:37 | Build | Siege Workshop |
| 26:42 | Build | Siege Workshop |
| 26:50 | Create | Villager (Male) |
| 26:50 | Create | Villager (Male) |
| 26:50 | Create | Villager (Male) |
| 26:50 | Create | Villager (Male) |
| 27:00 | Create | Villager (Male) |
| 27:00 | Create | Villager (Male) |
| 27:02 | Create | Villager (Male) |
| 27:08 | Research | Ballistics |
| 27:11 | Research | Bodkin Arrow |
| 27:18 | Create | Monk |
| 27:18 | Create | Monk |
| 27:21 | Create | Villager (Male) |
| 27:21 | Create | Villager (Male) |
| 27:26 | Build | House |
| 27:27 | Build | House |
| 27:27 | Build | House |
| 27:28 | Build | House |
| 27:29 | Build | House |
| 27:30 | Build | House |
Build order — melkayaking
First 150 of 330 actions detected
| 0:05 | Create | Villager (Male) |
| 0:05 | Create | Villager (Male) |
| 0:05 | Create | Villager (Male) |
| 0:05 | Create | Villager (Male) |
| 0:07 | Build | House |
| 0:10 | Build | House |
| 1:22 | Create | Villager (Male) |
| 1:50 | Create | Villager (Male) |
| 2:35 | Create | Villager (Male) |
| 2:36 | Create | Villager (Male) |
| 2:36 | Create | Villager (Male) |
| 3:28 | Create | Villager (Male) |
| 3:28 | Create | Villager (Male) |
| 3:42 | Build | Mill |
| 3:52 | Build | House |
| 3:57 | Create | Villager (Male) |
| 3:57 | Create | Villager (Male) |
| 3:57 | Create | Villager (Male) |
| 4:18 | Build | Lumber Camp |
| 4:22 | Create | Villager (Male) |
| 5:23 | Create | Villager (Male) |
| 5:24 | Create | Villager (Male) |
| 5:24 | Create | Villager (Male) |
| 5:48 | Create | Villager (Male) |
| 5:49 | Create | Villager (Male) |
| 6:01 | Build | House |
| 6:09 | Create | Villager (Male) |
| 6:09 | Create | Villager (Male) |
| 6:45 | Create | Villager (Male) |
| 6:45 | Create | Villager (Male) |
| 7:24 | Create | Villager (Male) |
| 7:42 | Create | Villager (Male) |
| 7:59 | Create | Villager (Male) |
| 8:18 | Create | Villager (Male) |
| 8:18 | Create | Villager (Male) |
| 8:38 | Research | Feudal Age |
| 9:09 | Create | Villager (Male) |
| 9:09 | Create | Villager (Male) |
| 9:39 | Build | Mill |
| 10:42 | Age | Feudal Age |
| 11:09 | Research | Loom |
| 11:16 | Build | House |
| 11:21 | Create | Villager (Male) |
| 11:21 | Create | Villager (Male) |
| 11:25 | Research | Horse Collar |
| 11:28 | Research | Double-Bit Axe |
| 11:28 | Research | Double-Bit Axe |
| 11:39 | Build | Farm |
| 11:40 | Build | Farm |
| 11:41 | Build | Farm |
| 12:04 | Build | Mining Camp |
| 12:22 | Build | Farm |
| 12:24 | Build | Farm |
| 12:26 | Create | Villager (Male) |
| 12:26 | Create | Villager (Male) |
| 12:27 | Create | Villager (Male) |
| 12:49 | Build | Market |
| 13:15 | Create | Villager (Male) |
| 13:25 | Build | Farm |
| 13:29 | Create | Villager (Male) |
| 13:47 | Build | House |
| 13:55 | Build | Farm |
| 14:07 | Create | Villager (Male) |
| 14:32 | Build | Farm |
| 15:28 | Build | Blacksmith |
| 15:31 | Create | Villager (Male) |
| 15:38 | Build | Farm |
| 15:55 | Research | Castle Age |
| 16:02 | Build | House |
| 16:58 | Build | Barracks |
| 18:20 | Age | Castle Age |
| 18:24 | Build | Town Center |
| 18:29 | Create | Villager (Male) |
| 18:29 | Create | Villager (Male) |
| 18:30 | Create | Villager (Male) |
| 18:49 | Build | Stable |
| 18:53 | Research | Heavy Plow |
| 18:55 | Research | Bow Saw |
| 19:13 | Build | Farm |
| 19:27 | Build | House |
| 19:41 | Build | Farm |
| 19:48 | Research | Gold Mining |
| 19:48 | Research | Stone Mining |
| 19:56 | Build | Farm |
| 20:06 | Build | Farm |
| 20:08 | Build | Farm |
| 20:09 | Build | Farm |
| 20:11 | Build | Farm |
| 20:25 | Create | Villager (Male) |
| 20:26 | Create | Villager (Male) |
| 20:26 | Create | Villager (Male) |
| 20:29 | Research | Wheelbarrow |
| 20:46 | Create | Knight |
| 20:47 | Create | Knight |
| 21:09 | Build | House |
| 21:10 | Build | House |
| 21:12 | Build | House |
| 21:21 | Research | Bloodlines |
| 21:43 | Build | Farm |
| 21:45 | Build | Farm |
| 21:57 | Build | Farm |
| 22:04 | Create | Knight |
| 23:10 | Create | Knight |
| 23:11 | Create | Knight |
| 23:11 | Create | Knight |
| 23:11 | Create | Knight |
| 24:18 | Build | Farm |
| 24:19 | Build | Farm |
| 24:21 | Build | Farm |
| 24:23 | Build | Farm |
| 24:24 | Build | Farm |
| 24:25 | Build | Farm |
| 24:32 | Build | House |
| 24:35 | Build | House |
| 24:37 | Build | House |
| 24:39 | Build | House |
| 24:45 | Research | Hand Cart |
| 24:46 | Create | Villager (Male) |
| 24:47 | Create | Villager (Male) |
| 24:47 | Create | Villager (Male) |
| 24:47 | Create | Villager (Male) |
| 24:55 | Research | Husbandry |
| 24:57 | Research | Scale Barding Armor |
| 24:58 | Research | Forging |
| 25:40 | Build | Farm |
| 25:49 | Build | Lumber Camp |
| 26:01 | Build | Farm |
| 26:03 | Build | Farm |
| 26:07 | Create | Villager (Male) |
| 26:07 | Create | Villager (Male) |
| 26:07 | Create | Villager (Male) |
| 26:12 | Create | Villager (Male) |
| 26:12 | Create | Villager (Male) |
| 26:24 | Build | House |
| 26:26 | Build | House |
| 26:55 | Create | Knight |
| 26:55 | Create | Knight |
| 26:55 | Create | Knight |
| 26:56 | Create | Knight |
| 27:01 | Research | Gold Shaft Mining |
| 27:13 | Build | Farm |
| 27:13 | Build | Farm |
| 27:38 | Build | Farm |
| 27:44 | Build | Farm |
| 27:48 | Create | Villager (Male) |
| 27:48 | Create | Villager (Male) |
| 27:49 | Create | Villager (Male) |
| 27:49 | Create | Villager (Male) |
| 27:52 | Create | Villager (Male) |
| 27:52 | Create | Villager (Male) |
Build order — ThePiper
First 150 of 479 actions detected
| 0:01 | Create | Villager (Male) |
| 0:01 | Create | Villager (Male) |
| 0:03 | Build | House |
| 0:04 | Build | House |
| 0:13 | Create | Villager (Male) |
| 0:18 | Create | Villager (Male) |
| 1:23 | Create | Villager (Male) |
| 1:58 | Create | Villager (Male) |
| 2:15 | Create | Villager (Male) |
| 2:27 | Build | House |
| 2:28 | Build | House |
| 3:07 | Build | House |
| 3:22 | Create | Villager (Male) |
| 3:23 | Create | Villager (Male) |
| 3:23 | Create | Villager (Male) |
| 3:36 | Create | Villager (Male) |
| 4:02 | Build | House |
| 4:18 | Build | Lumber Camp |
| 4:43 | Create | Villager (Male) |
| 4:49 | Create | Villager (Male) |
| 4:49 | Create | Villager (Male) |
| 5:23 | Create | Villager (Male) |
| 5:23 | Create | Villager (Male) |
| 5:36 | Build | Mining Camp |
| 5:40 | Build | Mill |
| 6:28 | Create | Villager (Male) |
| 6:28 | Create | Villager (Male) |
| 6:28 | Create | Villager (Male) |
| 6:28 | Create | Villager (Male) |
| 7:07 | Create | Villager (Male) |
| 7:27 | Create | Villager (Male) |
| 7:47 | Create | Villager (Male) |
| 7:58 | Build | Barracks |
| 8:00 | Create | Villager (Male) |
| 8:46 | Create | Villager (Male) |
| 9:09 | Build | Mining Camp |
| 9:18 | Create | Militia |
| 9:18 | Create | Militia |
| 9:24 | Build | House |
| 9:31 | Create | Militia |
| 9:41 | Build | House |
| 9:51 | Create | Villager (Male) |
| 9:56 | Create | Villager (Male) |
| 10:01 | Create | Villager (Male) |
| 10:07 | Build | House |
| 10:08 | Create | Villager (Male) |
| 10:10 | Create | Militia |
| 10:32 | Build | House |
| 10:43 | Create | Villager (Male) |
| 10:59 | Build | Lumber Camp |
| 11:04 | Build | Mill |
| 11:08 | Research | Loom |
| 11:32 | Create | Villager (Male) |
| 11:50 | Create | Villager (Male) |
| 12:22 | Create | Villager (Male) |
| 12:23 | Create | Villager (Male) |
| 12:29 | Research | Feudal Age |
| 13:04 | Create | Militia |
| 13:06 | Create | Villager (Male) |
| 13:07 | Create | Villager (Male) |
| 13:18 | Build | Farm |
| 13:18 | Build | Farm |
| 13:18 | Build | Farm |
| 13:19 | Build | Farm |
| 13:19 | Build | Farm |
| 13:19 | Build | Farm |
| 13:19 | Build | Farm |
| 13:20 | Build | Farm |
| 14:01 | Build | Mill |
| 14:07 | Create | Militia |
| 14:07 | Create | Militia |
| 14:08 | Create | Villager (Male) |
| 14:42 | Age | Feudal Age |
| 15:09 | Create | Villager (Male) |
| 15:09 | Create | Villager (Male) |
| 15:09 | Create | Villager (Male) |
| 15:44 | Research | Man-at-Arms (upgrade) |
| 15:53 | Build | Blacksmith |
| 16:07 | Build | Archery Range |
| 16:13 | Create | Villager (Male) |
| 16:13 | Create | Villager (Male) |
| 16:30 | Research | Arson |
| 16:31 | Create | Villager (Male) |
| 16:32 | Create | Villager (Male) |
| 16:53 | Create | Militia |
| 16:57 | Research | Forging |
| 16:59 | Create | Villager (Male) |
| 17:03 | Create | Villager (Male) |
| 17:03 | Create | Villager (Male) |
| 17:08 | Build | Farm |
| 17:12 | Create | Archer |
| 18:40 | Create | Militia |
| 18:40 | Create | Militia |
| 18:41 | Create | Villager (Male) |
| 18:41 | Create | Villager (Male) |
| 18:58 | Build | House |
| 18:59 | Build | House |
| 19:03 | Build | Farm |
| 19:03 | Build | Farm |
| 19:04 | Build | Farm |
| 19:04 | Build | Farm |
| 19:09 | Build | Mining Camp |
| 19:12 | Build | Farm |
| 19:12 | Build | Farm |
| 19:12 | Build | Farm |
| 19:13 | Build | Farm |
| 19:13 | Build | Farm |
| 19:39 | Research | Castle Age |
| 19:40 | Create | Villager (Male) |
| 19:41 | Create | Villager (Male) |
| 19:46 | Create | Skirmisher |
| 20:02 | Create | Militia |
| 20:19 | Create | Villager (Male) |
| 20:20 | Create | Villager (Male) |
| 20:48 | Create | Villager (Male) |
| 20:49 | Create | Villager (Male) |
| 21:03 | Create | Villager (Male) |
| 21:05 | Create | Villager (Male) |
| 21:05 | Create | Villager (Male) |
| 21:40 | Create | Villager (Male) |
| 21:41 | Create | Villager (Male) |
| 21:45 | Create | Militia |
| 21:46 | Create | Militia |
| 21:56 | Build | Farm |
| 21:57 | Build | Farm |
| 21:57 | Build | Farm |
| 21:57 | Build | Farm |
| 21:57 | Build | Farm |
| 21:58 | Build | Farm |
| 21:58 | Build | Farm |
| 22:08 | Research | Double-Bit Axe |
| 22:15 | Create | Militia |
| 22:19 | Age | Castle Age |
| 23:03 | Research | Long Swordsman (upgrade) |
| 23:23 | Research | Scale Mail Armor |
| 23:24 | Create | Villager (Male) |
| 23:24 | Create | Villager (Male) |
| 24:03 | Create | Villager (Male) |
| 24:09 | Create | Villager (Male) |
| 24:09 | Create | Villager (Male) |
| 24:10 | Create | Villager (Male) |
| 24:16 | Build | Town Center |
| 24:20 | Create | Militia |
| 24:20 | Create | Militia |
| 25:16 | Create | Militia |
| 25:17 | Create | Villager (Male) |
| 25:17 | Create | Villager (Male) |
| 25:17 | Create | Villager (Male) |
| 25:17 | Create | Villager (Male) |
| 25:18 | Create | Villager (Male) |
Build order — soldier0ne
First 150 of 478 actions detected
| 0:02 | Create | Villager (Male) |
| 0:02 | Create | Villager (Male) |
| 0:02 | Create | Villager (Male) |
| 0:03 | Create | Villager (Male) |
| 0:04 | Build | House |
| 0:06 | Build | House |
| 0:22 | Research | Loom |
| 0:48 | Create | Villager (Male) |
| 1:02 | Create | Villager (Male) |
| 1:11 | Create | Villager (Male) |
| 1:44 | Build | Palisade Wall |
| 1:45 | Create | Villager (Male) |
| 2:26 | Create | Villager (Male) |
| 2:49 | Create | Villager (Male) |
| 2:57 | Build | Lumber Camp |
| 3:16 | Build | Palisade Wall |
| 3:18 | Create | Villager (Male) |
| 3:36 | Create | Villager (Male) |
| 4:06 | Create | Villager (Male) |
| 4:21 | Build | House |
| 4:55 | Create | Villager (Male) |
| 4:57 | Create | Villager (Male) |
| 5:00 | Build | House |
| 5:04 | Build | Palisade Wall |
| 5:49 | Create | Villager (Male) |
| 6:14 | Build | House |
| 6:15 | Create | Villager (Male) |
| 6:22 | Create | Villager (Male) |
| 6:44 | Build | Mill |
| 6:55 | Create | Villager (Male) |
| 6:56 | Create | Villager (Male) |
| 7:51 | Create | Villager (Male) |
| 7:51 | Create | Villager (Male) |
| 8:08 | Build | Mining Camp |
| 8:27 | Create | Villager (Male) |
| 8:46 | Create | Villager (Male) |
| 9:09 | Create | Villager (Male) |
| 9:41 | Research | Feudal Age |
| 11:15 | Create | Villager (Male) |
| 11:16 | Create | Villager (Male) |
| 11:51 | Age | Feudal Age |
| 11:54 | Build | Blacksmith |
| 11:59 | Build | Market |
| 12:59 | Research | Horse Collar |
| 13:01 | Research | Double-Bit Axe |
| 13:08 | Build | Mining Camp |
| 13:13 | Research | Castle Age |
| 14:44 | Build | House |
| 14:46 | Build | House |
| 14:47 | Build | House |
| 14:49 | Build | House |
| 14:57 | Create | Villager (Male) |
| 14:58 | Create | Villager (Male) |
| 15:53 | Age | Castle Age |
| 15:58 | Build | Town Center |
| 16:01 | Build | Town Center |
| 16:05 | Create | Villager (Male) |
| 16:10 | Research | Bow Saw |
| 16:25 | Build | Monastery |
| 16:42 | Research | Heavy Plow |
| 16:52 | Build | House |
| 17:05 | Build | Farm |
| 17:05 | Build | Farm |
| 17:06 | Build | Farm |
| 17:06 | Build | Farm |
| 17:06 | Build | Farm |
| 17:08 | Build | Farm |
| 17:08 | Build | Farm |
| 17:09 | Build | Farm |
| 17:09 | Build | Farm |
| 17:09 | Build | Farm |
| 17:10 | Build | Farm |
| 17:10 | Build | Farm |
| 17:10 | Build | Farm |
| 17:11 | Build | Farm |
| 17:11 | Build | Farm |
| 17:11 | Build | Farm |
| 17:19 | Create | Villager (Male) |
| 17:19 | Create | Villager (Male) |
| 17:19 | Create | Villager (Male) |
| 17:32 | Build | Farm |
| 17:35 | Build | Farm |
| 17:37 | Build | Farm |
| 17:39 | Create | Villager (Male) |
| 17:57 | Build | Farm |
| 17:58 | Create | Villager (Male) |
| 18:10 | Build | Farm |
| 18:22 | Create | Villager (Male) |
| 18:25 | Build | Farm |
| 18:32 | Create | Villager (Male) |
| 18:38 | Create | Monk |
| 18:41 | Build | Farm |
| 18:44 | Build | Farm |
| 18:47 | Build | Farm |
| 18:50 | Build | Farm |
| 18:51 | Create | Villager (Male) |
| 18:53 | Build | Farm |
| 18:57 | Build | Farm |
| 19:04 | Create | Villager (Male) |
| 19:12 | Build | Farm |
| 19:17 | Create | Villager (Male) |
| 19:33 | Create | Villager (Male) |
| 19:33 | Create | Villager (Male) |
| 19:41 | Create | Villager (Male) |
| 19:51 | Build | Town Center |
| 19:52 | Create | Villager (Male) |
| 20:03 | Build | Farm |
| 20:03 | Build | Farm |
| 20:04 | Build | Farm |
| 20:06 | Create | Villager (Male) |
| 20:20 | Create | Villager (Male) |
| 20:20 | Create | Villager (Male) |
| 20:24 | Build | Farm |
| 20:26 | Build | Farm |
| 20:30 | Build | Lumber Camp |
| 20:33 | Create | Villager (Male) |
| 20:35 | Create | Villager (Male) |
| 20:40 | Build | Lumber Camp |
| 20:50 | Create | Villager (Male) |
| 20:53 | Create | Villager (Male) |
| 21:01 | Create | Villager (Male) |
| 21:11 | Create | Villager (Male) |
| 21:20 | Create | Villager (Male) |
| 21:22 | Create | Villager (Male) |
| 21:31 | Build | Farm |
| 21:32 | Build | Farm |
| 21:39 | Build | Town Center |
| 21:40 | Create | Villager (Male) |
| 21:40 | Create | Villager (Male) |
| 21:41 | Create | Villager (Male) |
| 21:49 | Create | Monk |
| 21:50 | Create | Villager (Male) |
| 21:50 | Create | Villager (Male) |
| 21:50 | Create | Villager (Male) |
| 21:51 | Create | Villager (Male) |
| 22:07 | Create | Villager (Male) |
| 22:09 | Create | Villager (Male) |
| 22:19 | Build | Farm |
| 22:19 | Build | Farm |
| 22:20 | Build | Farm |
| 22:20 | Build | Farm |
| 22:22 | Create | Villager (Male) |
| 22:23 | Create | Villager (Male) |
| 22:30 | Create | Villager (Male) |
| 22:41 | Create | Villager (Male) |
| 22:54 | Build | House |
| 22:56 | Build | Lumber Camp |
| 23:02 | Build | House |
| 23:03 | Build | House |
| 23:05 | Build | House |
Build order — commandokris
First 150 of 374 actions detected
| 0:00 | Create | Villager (Male) |
| 0:01 | Create | Villager (Male) |
| 0:01 | Create | Villager (Male) |
| 0:01 | Create | Villager (Male) |
| 0:02 | Build | House |
| 0:04 | Build | House |
| 1:29 | Create | Villager (Male) |
| 2:13 | Build | Lumber Camp |
| 2:22 | Create | Villager (Male) |
| 2:41 | Create | Villager (Male) |
| 3:18 | Create | Villager (Male) |
| 3:19 | Create | Villager (Male) |
| 3:41 | Create | Villager (Male) |
| 3:41 | Create | Villager (Male) |
| 3:47 | Build | House |
| 4:06 | Create | Villager (Male) |
| 4:36 | Create | Villager (Male) |
| 5:05 | Create | Villager (Male) |
| 5:06 | Create | Villager (Male) |
| 5:10 | Build | Mill |
| 5:25 | Create | Villager (Male) |
| 5:25 | Create | Villager (Male) |
| 5:56 | Build | House |
| 5:58 | Build | House |
| 6:11 | Create | Villager (Male) |
| 6:11 | Create | Villager (Male) |
| 6:12 | Create | Villager (Male) |
| 6:12 | Create | Villager (Male) |
| 6:58 | Create | Villager (Male) |
| 7:28 | Create | Villager (Male) |
| 7:28 | Create | Villager (Male) |
| 7:29 | Create | Villager (Male) |
| 8:48 | Build | Mining Camp |
| 8:57 | Create | Villager (Male) |
| 9:22 | Research | Feudal Age |
| 10:22 | Create | Villager (Male) |
| 10:22 | Create | Villager (Male) |
| 11:09 | Build | House |
| 11:19 | Build | House |
| 11:24 | Build | House |
| 11:25 | Build | House |
| 11:39 | Build | House |
| 11:41 | Age | Feudal Age |
| 11:44 | Build | House |
| 12:18 | Create | Villager (Male) |
| 12:18 | Create | Villager (Male) |
| 12:24 | Build | Market |
| 12:42 | Build | Blacksmith |
| 14:04 | Research | Castle Age |
| 14:22 | Build | Stone Wall |
| 14:27 | Research | Loom |
| 15:09 | Research | Horse Collar |
| 16:00 | Build | Farm |
| 16:00 | Build | Farm |
| 16:00 | Build | Farm |
| 16:01 | Build | Farm |
| 16:01 | Build | Farm |
| 16:01 | Build | Farm |
| 16:02 | Build | Farm |
| 16:02 | Build | Farm |
| 16:02 | Build | Farm |
| 16:11 | Build | Farm |
| 16:11 | Build | Farm |
| 16:16 | Build | Farm |
| 16:16 | Build | Farm |
| 16:44 | Age | Castle Age |
| 16:47 | Create | Villager (Male) |
| 17:09 | Build | House |
| 17:33 | Create | Villager (Male) |
| 17:33 | Create | Villager (Male) |
| 18:05 | Build | House |
| 18:29 | Create | Villager (Male) |
| 18:29 | Create | Villager (Male) |
| 18:42 | Build | Town Center |
| 18:54 | Build | Farm |
| 18:58 | Create | Villager (Male) |
| 18:58 | Create | Villager (Male) |
| 19:26 | Research | Double-Bit Axe |
| 19:27 | Create | Villager (Male) |
| 19:30 | Build | Farm |
| 20:12 | Build | Town Center |
| 20:57 | Build | Town Center |
| 21:04 | Research | Wheelbarrow |
| 21:07 | Create | Villager (Male) |
| 21:07 | Create | Villager (Male) |
| 21:07 | Create | Villager (Male) |
| 21:07 | Create | Villager (Male) |
| 21:08 | Create | Villager (Male) |
| 21:41 | Build | Town Center |
| 21:49 | Create | Villager (Male) ×3 |
| 22:04 | Build | Farm |
| 22:31 | Create | Villager (Male) |
| 22:32 | Create | Villager (Male) |
| 23:01 | Build | Siege Workshop |
| 23:05 | Create | Villager (Male) ×5 |
| 23:29 | Build | Mining Camp |
| 23:31 | Create | Scorpion |
| 23:38 | Create | Scorpion |
| 23:39 | Create | Villager (Male) |
| 23:40 | Create | Villager (Male) |
| 23:41 | Create | Villager (Male) |
| 23:41 | Create | Villager (Male) |
| 23:41 | Create | Villager (Male) |
| 25:24 | Research | Hand Cart |
| 25:26 | Create | Villager (Male) ×5 |
| 25:37 | Create | Scorpion |
| 25:48 | Build | House |
| 25:49 | Build | House |
| 25:49 | Build | House |
| 25:49 | Build | House |
| 25:49 | Build | House |
| 25:49 | Build | House |
| 25:50 | Build | House |
| 26:01 | Build | Farm |
| 26:11 | Research | Town Watch |
| 26:18 | Create | Villager (Male) |
| 26:19 | Create | Villager (Male) |
| 26:19 | Create | Villager (Male) |
| 26:19 | Create | Villager (Male) |
| 26:23 | Build | Farm |
| 26:28 | Create | Scorpion |
| 26:53 | Build | Farm |
| 27:09 | Create | Scorpion ×2 |
| 27:34 | Create | Villager (Male) ×5 |
| 27:36 | Create | Villager (Male) ×4 |
| 27:44 | Create | Scorpion |
| 28:40 | Create | Villager (Male) ×5 |
| 28:41 | Create | Villager (Male) ×2 |
| 29:27 | Build | Farm |
| 29:29 | Create | Villager (Male) ×5 |
| 30:08 | Build | University |
| 30:10 | Build | House |
| 30:10 | Build | House |
| 30:11 | Build | House |
| 30:11 | Build | House |
| 30:11 | Build | House |
| 30:12 | Build | House |
| 30:12 | Build | House |
| 30:12 | Build | House |
| 30:16 | Create | Mangonel |
| 30:16 | Create | Mangonel |
| 30:26 | Build | Farm |
| 30:26 | Build | Farm |
| 30:29 | Research | Heavy Plow |
| 31:56 | Build | Castle |
| 32:40 | Research | Imperial Age |
| 32:57 | Create | Villager (Male) |
| 32:57 | Create | Villager (Male) |
| 32:57 | Create | Villager (Male) ×5 |
| 32:58 | Create | Villager (Male) ×5 |
Build order — Lamy's Back
First 150 of 509 actions detected
| 0:02 | Research | Loom |
| 0:03 | Create | Villager (Male) |
| 0:03 | Create | Villager (Male) |
| 0:04 | Build | House |
| 0:11 | Build | Palisade Wall |
| 0:32 | Create | Villager (Male) |
| 0:32 | Create | Villager (Male) |
| 1:42 | Build | Palisade Wall |
| 2:04 | Create | Villager (Male) |
| 2:04 | Create | Villager (Male) |
| 2:15 | Build | Lumber Camp |
| 2:33 | Build | House |
| 2:46 | Create | Villager (Male) |
| 2:46 | Create | Villager (Male) |
| 3:14 | Create | Villager (Male) |
| 3:14 | Create | Villager (Male) |
| 3:52 | Create | Villager (Male) |
| 3:52 | Create | Villager (Male) |
| 3:52 | Create | Villager (Male) |
| 3:52 | Create | Villager (Male) |
| 4:24 | Build | House |
| 4:45 | Create | Villager (Male) |
| 4:45 | Create | Villager (Male) |
| 5:05 | Create | Villager (Male) |
| 5:05 | Create | Villager (Male) |
| 5:23 | Create | Villager (Male) |
| 5:23 | Create | Villager (Male) |
| 5:36 | Create | Villager (Male) |
| 5:36 | Create | Villager (Male) |
| 6:12 | Build | Mill |
| 6:13 | Create | Villager (Male) |
| 6:14 | Create | Villager (Male) |
| 6:42 | Build | House |
| 6:50 | Create | Villager (Male) |
| 6:50 | Create | Villager (Male) |
| 6:54 | Create | Villager (Male) |
| 6:54 | Create | Villager (Male) |
| 7:15 | Create | Villager (Male) |
| 7:15 | Create | Villager (Male) |
| 7:36 | Create | Villager (Male) |
| 8:11 | Build | Mill |
| 8:57 | Create | Villager (Male) |
| 8:58 | Create | Villager (Male) |
| 8:58 | Create | Villager (Male) |
| 8:58 | Create | Villager (Male) |
| 9:15 | Build | House |
| 9:15 | Build | House |
| 9:41 | Create | Villager (Male) |
| 10:16 | Create | Villager (Male) |
| 10:16 | Create | Villager (Male) |
| 10:16 | Create | Villager (Male) |
| 11:03 | Research | Feudal Age |
| 11:12 | Build | Mining Camp |
| 11:37 | Build | Mill |
| 11:48 | Build | Lumber Camp |
| 12:40 | Build | Farm |
| 12:40 | Build | Farm |
| 13:08 | Build | House |
| 13:11 | Build | Barracks |
| 13:16 | Age | Feudal Age |
| 14:09 | Research | Horse Collar |
| 14:11 | Create | Villager (Male) |
| 14:11 | Create | Villager (Male) |
| 14:12 | Create | Villager (Male) |
| 14:13 | Create | Villager (Male) |
| 14:13 | Create | Villager (Male) |
| 14:30 | Build | Blacksmith |
| 14:52 | Build | Market |
| 14:56 | Create | Villager (Male) |
| 15:33 | Research | Castle Age |
| 15:42 | Build | Mining Camp |
| 16:12 | Build | Mining Camp |
| 16:23 | Build | Stone Wall |
| 16:25 | Research | Double-Bit Axe |
| 16:48 | Research | Stone Mining |
| 17:28 | Create | Villager (Male) |
| 17:28 | Create | Villager (Male) |
| 17:49 | Build | House |
| 17:50 | Build | House |
| 17:56 | Build | Stable |
| 18:22 | Build | Stone Wall |
| 18:27 | Build | Stone Wall |
| 18:31 | Age | Castle Age |
| 18:45 | Research | Bow Saw |
| 18:55 | Research | Heavy Plow |
| 18:57 | Create | Villager (Male) |
| 18:58 | Create | Villager (Male) |
| 19:00 | Build | Farm |
| 19:00 | Build | Farm |
| 19:44 | Build | Stone Wall |
| 19:46 | Build | Stone Wall |
| 19:53 | Build | Stone Wall |
| 19:55 | Build | Stone Wall |
| 19:59 | Build | Stone Wall |
| 20:05 | Create | Villager (Male) |
| 20:05 | Create | Villager (Male) |
| 20:10 | Build | Town Center |
| 20:23 | Build | House |
| 20:40 | Build | Castle |
| 20:51 | Create | Villager (Male) |
| 20:51 | Create | Villager (Male) |
| 21:05 | Build | Farm |
| 21:05 | Build | Farm |
| 21:05 | Build | Farm |
| 21:07 | Build | Farm |
| 21:13 | Create | Villager (Male) |
| 21:17 | Build | Farm |
| 21:23 | Build | Farm |
| 21:27 | Build | Farm |
| 21:44 | Create | Villager (Male) |
| 21:45 | Create | Villager (Male) |
| 21:49 | Build | Farm |
| 21:49 | Build | Farm |
| 21:56 | Build | Farm |
| 22:03 | Create | Villager (Male) |
| 22:03 | Create | Villager (Male) |
| 22:06 | Build | Farm |
| 22:14 | Build | Farm |
| 22:15 | Build | Farm |
| 22:23 | Create | Villager (Male) |
| 22:28 | Build | Farm |
| 22:32 | Build | Farm |
| 22:33 | Create | Villager (Male) |
| 22:46 | Create | Conquistador |
| 22:47 | Create | Conquistador |
| 23:04 | Create | Villager (Male) |
| 23:14 | Create | Villager (Male) |
| 23:26 | Research | Scale Barding Armor |
| 23:30 | Build | Farm |
| 23:34 | Create | Villager (Male) |
| 23:34 | Create | Villager (Male) |
| 23:40 | Build | Farm |
| 23:46 | Build | Farm |
| 23:46 | Build | Farm |
| 23:51 | Create | Conquistador |
| 23:51 | Create | Conquistador |
| 24:02 | Create | Villager (Male) |
| 24:02 | Create | Villager (Male) |
| 24:06 | Build | Farm |
| 24:14 | Build | Farm |
| 24:14 | Build | Farm |
| 24:14 | Build | Farm |
| 24:18 | Create | Villager (Male) |
| 24:18 | Create | Villager (Male) |
| 24:28 | Create | Conquistador |
| 24:29 | Create | Conquistador |
| 24:37 | Create | Conquistador |
| 24:37 | Create | Conquistador |
| 24:37 | Create | Conquistador |
| 24:40 | Create | Villager (Male) |
Match timeline
| 0:11 | Lamy's Back · wall_segment Palisade Wall x11 |
| 1:42 | Lamy's Back · wall_segment Palisade Wall x11 |
| 1:44 | soldier0ne · wall_segment Palisade Wall x8 |
| 3:16 | soldier0ne · wall_segment Palisade Wall x8 |
| 5:04 | soldier0ne · wall_segment Palisade Wall x4 |
| 7:58 | ThePiper · first_building Barracks |
| 10:42 | melkayaking · age_up feudal |
| 11:41 | commandokris · age_up feudal |
| 11:51 | soldier0ne · age_up feudal |
| 13:11 | Lamy's Back · first_building Barracks |
| 13:16 | Lamy's Back · age_up feudal |
| 13:40 | Hinbin · age_up feudal |
| 14:22 | commandokris · wall_segment Stone Wall x10 |
| 14:42 | ThePiper · age_up feudal |
| 15:53 | soldier0ne · age_up castle |
| 16:07 | ThePiper · first_building Archery Range |
| 16:23 | Lamy's Back · wall_segment Stone Wall x9 |
| 16:25 | soldier0ne · first_building Monastery |
| 16:44 | commandokris · age_up castle |
| 16:58 | melkayaking · first_building Barracks |
| 17:18 | soldier0ne · first_market_buy 100 food |
| 17:35 | Hinbin · age_up castle |
| 17:56 | Lamy's Back · first_building Stable |
| 18:20 | melkayaking · age_up castle |
| 18:22 | Lamy's Back · wall_segment Stone Wall x1 |
| 18:27 | Lamy's Back · wall_segment Stone Wall x8 |
| 18:31 | Lamy's Back · age_up castle |
| 18:49 | melkayaking · first_building Stable |
| 19:44 | Lamy's Back · wall_segment Stone Wall x3 |
| 19:46 | Lamy's Back · wall_segment Stone Wall x4 |
| 19:53 | Lamy's Back · wall_segment Stone Wall x12 |
| 19:55 | Lamy's Back · wall_segment Stone Wall x7 |
| 19:59 | Lamy's Back · wall_segment Stone Wall x6 |
| 20:04 | commandokris · first_market_sell 100 food |
| 20:06 | commandokris · first_market_buy 100 stone |
| 20:40 | Lamy's Back · first_building Castle |
| 22:19 | ThePiper · age_up castle |
| 22:45 | Lamy's Back · first_market_buy 100 food |
| 23:01 | commandokris · first_building Siege Workshop |
| 23:03 | Hinbin · first_building Castle |
| 24:12 | soldier0ne · tribute_sent a jugador 1 |
| 24:12 | soldier0ne · tribute_sent a jugador 2 |
| 24:12 | soldier0ne · tribute_sent a jugador 4 |
| 24:12 | soldier0ne · tribute_sent a jugador 5 |
| 24:13 | soldier0ne · tribute_sent a jugador 6 |
| 24:34 | Lamy's Back · first_market_sell 100 wood |
| 24:58 | Hinbin · first_building Monastery |
| 26:21 | soldier0ne · first_building Barracks |
| 26:37 | Hinbin · first_building Siege Workshop |
| 26:48 | soldier0ne · first_building Siege Workshop |
| 27:46 | ThePiper · first_building Monastery |
| 28:25 | soldier0ne · first_building Stable |
| 28:30 | melkayaking · first_market_sell 100 wood |
| 28:45 | ThePiper · first_building Siege Workshop |
| 29:48 | soldier0ne · tribute_sent a jugador 1 |
| 29:48 | soldier0ne · tribute_sent a jugador 2 |
| 29:48 | soldier0ne · tribute_sent a jugador 4 |
| 29:48 | soldier0ne · tribute_sent a jugador 5 |
| 29:48 | soldier0ne · tribute_sent a jugador 6 |
| 29:49 | melkayaking · first_building Castle |
| 30:31 | soldier0ne · first_building Castle |
| 30:34 | Hinbin · first_market_sell 100 wood |
| 31:56 | commandokris · first_building Castle |
| 33:00 | soldier0ne · age_up imperial |
| 33:30 | soldier0ne · first_building Archery Range |
| 33:37 | Lamy's Back · first_building Siege Workshop |
| 35:09 | commandokris · first_building Barracks |
| 35:21 | melkayaking · first_building Archery Range |
| 35:50 | commandokris · age_up imperial |
| 36:22 | Lamy's Back · first_building Monastery |
| 36:24 | Hinbin · age_up imperial |
| 37:36 | Lamy's Back · age_up imperial |
| 37:42 | melkayaking · age_up imperial |
| 38:38 | Lamy's Back · wall_segment Stone Wall x13 |
| 38:41 | Lamy's Back · wall_segment Stone Wall x4 |
| 39:10 | Lamy's Back · wall_segment Stone Wall x8 |
| 39:27 | Lamy's Back · wall_segment Stone Wall x4 |
| 40:05 | ThePiper · age_up imperial |
| 40:05 | Lamy's Back · wall_segment Stone Wall x7 |
| 41:31 | Hinbin · first_building Barracks |
| 41:57 | Lamy's Back · wall_segment Stone Wall x4 |
| 43:43 | ThePiper · first_building Castle |
| 46:04 | Hinbin · first_market_buy 100 stone |
| 46:13 | Lamy's Back · wall_segment Stone Wall x9 |
| 47:47 | Lamy's Back · wall_segment Stone Wall x14 |
| 48:05 | Lamy's Back · wall_segment Stone Wall x5 |
| 48:06 | Lamy's Back · wall_segment Stone Wall x4 |
| 48:28 | soldier0ne · tribute_sent a jugador 1 |
| 48:28 | soldier0ne · tribute_sent a jugador 2 |
| 48:28 | soldier0ne · tribute_sent a jugador 4 |
| 48:28 | soldier0ne · tribute_sent a jugador 5 |
| 48:28 | soldier0ne · tribute_sent a jugador 6 |
| 48:37 | Lamy's Back · wall_segment Stone Wall x7 |
| 49:49 | Lamy's Back · wall_segment Stone Wall x11 |
| 50:37 | Lamy's Back · wall_segment Stone Wall x4 |
| 51:17 | Lamy's Back · wall_segment Stone Wall x12 |
| 52:16 | Lamy's Back · wall_segment Stone Wall x7 |
| 52:32 | Lamy's Back · wall_segment Stone Wall x10 |
| 52:37 | soldier0ne · tribute_sent a jugador 1 |
| 52:37 | soldier0ne · tribute_sent a jugador 2 |
| 52:37 | soldier0ne · tribute_sent a jugador 4 |
| 52:37 | soldier0ne · tribute_sent a jugador 5 |
| 52:37 | soldier0ne · tribute_sent a jugador 6 |
| 52:42 | Lamy's Back · wall_segment Stone Wall x5 |
| 52:42 | Lamy's Back · wall_segment Stone Wall x1 |
| 53:05 | ThePiper · resign |
| 53:16 | Lamy's Back · wall_segment Stone Wall x1 |
| 53:18 | Lamy's Back · wall_segment Stone Wall x1 |
[ AI ANALYSIS · 1 CREDIT ]
What really happened in this match?
Wolo.gg analyzes every decision: build order, eco, micro, common mistakes by bracket. Personalized analysis on WhatsApp or Discord in 30 seconds.
Civ guide
Wu
Map guide
Black Forest
Perfil
Hinbin